[Event "29th Bosnjaci Open 2025"]
[Site "Bosnjaci"]
[Date "2025.01.07"]
[Round "7.6"]
[White "Kovacevic, Blazimir"]
[Black "Sipic, Hrvoje"]
[Result "1/2-1/2"]
[ECO "E60"]
[WhiteElo "2379"]
[BlackElo "2213"]
[Annotator "TA"]
[PlyCount "126"]
[EventDate "2025.01.04"]
[EventType "swiss"]
[EventCountry "CRO"]
[SourceTitle "playchess.com"]
[Source "ChessBase"]
[SourceQuality "1"]
[TimeControl "5400+30"]

1. Nf3 Nf6 2. e3 g6 3. d4 Bg7 4. Be2 O-O 5. O-O d6 6. b3 Nbd7 7. Bb2 Re8 8. c4 c6 9. Nc3 e5 10. Qc2 e4 11. Nd2 Qe7 $1 12. b4 Nf8 13. Rfb1 Bf5 14. Qd1 {[%emt 0:01:50] White is slightly better.} h5 15. b5 Ne6 16. bxc6 bxc6 17. d5 cxd5 18. Nxd5 Nxd5 19. cxd5 Nc5 20. Bxg7 Kxg7 21. Nb3 Nxb3 22. axb3 a5 23. Qd2 Qg5 (23... Rec8 $142) 24. Rxa5 $16 Rxa5 25. Qxa5 Bh3 26. Bf1 Re5 27. Kh1 Bg4 28. h3 Be6 {[%emt 0:04:51] [#]} 29. Qc3 (29. b4 $1 $16) 29... Bxd5 $14 30. b4 Qf6 31. Kg1 Re8 32. Qd2 Bb7 33. Rc1 Rc8 $2 {[%emt 0:02:13] [#] Against Rc7. White leaves nothing to chance now.} ({Black should try} 33... Re7 $1 $14) 34. Rxc8 $1 $18 Bxc8 {[%emt 0:00:05][%mdl 4096] Endgame. KQB-KQB} 35. b5 Qe5 36. Qc2 Bb7 37. Qc7 Qd5 (37... Ba8 $142 38. b6 Qb2 39. Qxd6 h4) 38. b6 {[%emt 0:01:56] Black must now prevent Bc4.} Ba8 39. Bc4 Qd1+ 40. Kh2 d5 41. Ba6 Qd2 42. b7 Bxb7 43. Bxb7 (43. Qxb7 Qxf2 44. Qxd5 Qxe3 45. Qe5+ Kh7 $16) 43... Qxf2 44. Qf4 Qd2 45. Qe5+ Kh7 46. Qf4 (46. Bxd5 Qxe3 47. Bxf7 (47. Bxe4 Kg8 $18) 47... Qf2 $18) 46... Kg7 47. Qe5+ Kh7 $1 48. Qxd5 (48. Bxd5 Qxe3 49. Bxf7 (49. Bxe4 Kg8 $18) 49... Qf2 $18) 48... Qxe3 (48... Qf2 $18 49. Qxe4 Qf6) 49. Qxf7+ Kh6 50. Qf6 (50. Qf8+ $142 Kg5 51. Qd8+ Kf5 52. Qd5+ (52. Bc8+ Ke5 $18) 52... Kf6 53. Qd6+ (53. Qxe4 Qg5 $18) 53... Kf7 54. Bd5+ Ke8 55. Qxg6+ Kd8 56. Qd6+ (56. Bxe4 Qf4+ 57. g3 Qf2+ 58. Bg2 Qe2 $18) (56. Qxe4 Qg5 $18) (56. Qxh5 Qf4+ 57. Kg1 Qc1+ 58. Kf2 e3+ 59. Kg3 e2 $18) 56... Kc8 57. Bc6 (57. Bc4 Kb7 $18)) 50... Qe1 51. Qh8+ Kg5 52. Qe5+ Kh6 53. Bxe4 h4 54. Qf4+ Kg7 55. Qg4 Kf6 56. Qxg6+ ({And not} 56. Bxg6 Qe5+ 57. g3 Qxg3+ 58. Qxg3 hxg3+ 59. Kh1 g2+ 60. Kg1 Kxg6 $11) 56... Ke5 57. Qg5+ Ke6 58. Bf3 Qf2 59. Qf4 Ke7 60. Qe5+ Kd7 61. Be4 Kd8 62. Qd6+ Kc8 63. Bc6 {[%emt 0:00:17] Intending Qd7+ and mate.} Qg1+ {[%emt 0:00:39][%mdl 32768] Weighted Error Value: White=0.41/Black=0.44.  Loses game:     	---       	Black=1      Mistake:       	White=1     	Black=3      Inaccurate:     	White=1     	Black=4      OK:         	White=15    	Black=14     Best:        	White=2     	Black=2      Strong:       	White=1     	Black=1     . An unexpected result.} 1/2-1/2

[Event "29th Bosnjaci Open 2025"]
[Site "Bosnjaci"]
[Date "2025.01.07"]
[Round "7.7"]
[White "Vucenovic, Damian"]
[Black "Zufic, Miroslav"]
[Result "1-0"]
[ECO "B51"]
[WhiteElo "2272"]
[BlackElo "2313"]
[Annotator "TA"]
[PlyCount "91"]
[EventDate "2025.01.04"]
[EventType "swiss"]
[EventCountry "CRO"]
[SourceTitle "playchess.com"]
[Source "ChessBase"]
[SourceQuality "1"]
[TimeControl "5400+30"]

1. e4 c5 2. Nf3 d6 3. Bb5+ Nd7 4. O-O Ngf6 5. Re1 Qc7 6. c3 a6 7. Bf1 e5 8. d4 Be7 9. a4 b6 10. Bg5 {[%emt 0:03:10] White is more active.} O-O 11. Nbd2 Bb7 12. Bd3 h6 13. Bh4 (13. Bxf6 {simplifies} Nxf6 14. d5 Rfb8 15. Qe2) 13... Rfe8 14. Qb3 ({White should try} 14. d5 $14) 14... Bc6 (14... cxd4 $15 15. cxd4 Rab8) 15. Nf1 {[%emt 0:05:04] [#]} (15. d5 $14 Bb7 16. Nc4) 15... b5 $1 $11 16. d5 (16. axb5 axb5) 16... c4 (16... bxa4 $6 17. Qa2 Bb7 (17... Bb5 18. c4 $16) 18. Qxa4 $16) (16... Bxd5 $5 17. exd5 c4 $15) 17. Bxc4 $1 Nc5 (17... bxc4 18. Qxc4 g5 (18... Nxd5 $2 19. exd5 Bf8 20. dxc6 $18) 19. Bg3 $16 (19. Qxc6 Qb8 $17) (19. dxc6 gxh4 20. Nxh4 Nb6 $15)) 18. Qa2 (18. Qc2 $5 bxc4 19. Bxf6 Bxf6 20. dxc6 $11) 18... bxc4 19. Bxf6 Bxf6 20. dxc6 Nb3 21. Rad1 Qxc6 22. Ne3 Rab8 23. Nd5 Bd8 24. Nd2 Nxd2 25. Rxd2 a5 {[%emt 0:00:27] Repels Nb4} 26. Red1 Bb6 27. Nxb6 Rxb6 28. Rxd6 Qxd6 29. Rxd6 Rxd6 {[%emt 0:00:06][%cal Rd6d1][%mdl 4096] Endgame KQ-KRR} 30. g3 Rd1+ 31. Kg2 Rb8 {[%emt 0:00:55] Hoping for ...Rb3.} 32. Qxc4 Rxb2 33. Qc8+ Kh7 {[%emt 0:00:03] [#]} 34. Qf5+ $1 Kg8 35. Qxe5 {[%emt 0:00:10] Threatens to win with Qe8+.} g5 $2 (35... Rd8 $16) 36. Qxa5 $18 Rdd2 37. Qc5 Kg7 (37... Ra2 {keeps fighting.} 38. Qb6 h5) 38. a5 Ra2 39. Qe5+ Kg6 40. Qf5+ Kg7 41. c4 Rdc2 $2 (41... Rd6 42. Qc5 Rf6) 42. e5 Rxc4 43. Qf6+ Kg8 44. e6 (44. Qxh6 Rca4 45. Qxg5+ Kh7 $18) 44... Rcc2 45. Qxf7+ ({And not} 45. Qxh6 Rxf2+ 46. Kg1 Rfd2 47. Qxg5+ Kf8 48. Qc5+ Kg7 49. Qg5+ Kf8 50. Qc5+ Kg7 51. Qg5+ Kf8 $11) 45... Kh8 46. e7 1-0

[Event "29th Bosnjaci Open 2025"]
[Site "Bosnjaci"]
[Date "2025.01.07"]
[Round "7.8"]
[White "Kovac, Petar"]
[Black "Berke, Ana"]
[Result "1-0"]
[ECO "D30"]
[WhiteElo "2289"]
[BlackElo "2133"]
[Annotator "TA"]
[PlyCount "61"]
[EventDate "2025.01.04"]
[EventType "swiss"]
[EventCountry "CRO"]
[SourceTitle "playchess.com"]
[Source "ChessBase"]
[SourceQuality "1"]
[TimeControl "5400+30"]

1. d4 d5 2. Nf3 Nf6 3. c4 e6 4. g3 Be7 5. Bg2 O-O 6. O-O c5 7. cxd5 exd5 8. dxc5 Bxc5 9. a3 Nc6 10. b4 Bb6 11. Nc3 Re8 12. Bb2 Bg4 13. Na4 Bxf3 (13... Bc7 $14) 14. exf3 $16 Ne5 15. Nxb6 Qxb6 16. f4 Ned7 17. Bxd5 Rad8 (17... Nxd5 $16 18. Qxd5 Nf6 19. Bxf6 gxf6) 18. Bf3 {[%emt 0:11:08] This pair of bishops is nice.} Ne5 $2 (18... Ne4 {is tougher.}) 19. fxe5 $18 Rxd1 20. Raxd1 Qe6 {[%emt 0:05:09][%cal Oe6b3] Black is weak on the dark squares} 21. exf6 Qb3 {[%emt 0:01:48] [#]} 22. Rfe1 $1 ({Weaker is} 22. Bxb7 Qxb2 23. Rd7 Qxa3 $14) 22... Rb8 23. Be5 gxf6 24. Bxb8 Qxf3 25. Bf4 Kg7 {[%emt 0:00:08] Prevents Bh6+.} 26. Rd7 h5 27. h4 Kg6 28. Rd6 {[%emt 0:02:09] Threatens to win with Re7.} Qxa3 29. Be5 Kf5 30. Rxf6+ Kg4 31. Kg2 1-0

[Event "29th Bosnjaci Open 2025"]
[Site "Bosnjaci"]
[Date "2025.01.07"]
[Round "7.10"]
[White "Faukovic, Matija"]
[Black "Franc, Borna"]
[Result "0-1"]
[ECO "D35"]
[WhiteElo "2107"]
[BlackElo "2287"]
[Annotator "TA"]
[PlyCount "106"]
[EventDate "2025.01.04"]
[EventType "swiss"]
[EventCountry "CRO"]
[SourceTitle "playchess.com"]
[Source "ChessBase"]
[SourceQuality "1"]
[TimeControl "5400+30"]

1. d4 Nf6 2. Bg5 d5 3. Bxf6 gxf6 4. c4 c6 5. e3 Bf5 6. Nc3 e6 7. Qb3 Qb6 8. Qxb6 axb6 9. cxd5 exd5 10. Nf3 b5 11. Bxb5 cxb5 $17 12. Nxd5 {[%emt 0:00:05][%cal Of3h4] [#] Threatens to win with Nh4!} Kd8 {[%emt 0:00:41] Black is better.} 13. O-O (13. Nxf6 $17 {was necessary.} Nd7 14. Nh5) 13... Nd7 $19 14. a3 Rc8 15. Rfc1 Rxc1+ 16. Rxc1 Be4 17. Nc3 Bxf3 18. gxf3 Rg8+ 19. Kf1 Rg5 20. Ne4 Rh5 21. Kg2 b4 22. a4 Ra5 23. b3 Ra6 24. f4 Nb8 25. Nd2 (25. Kf3 $17 {might work better.}) 25... Nc6 26. Nc4 f5 27. Kf3 Na5 28. Nxa5 Rxa5 {[%emt 0:00:24][%mdl 4096] Endgame. KRB-KR} 29. Rc2 Kd7 30. Ke2 Ra6 31. Kd3 Rh6 32. f3 Rh3 33. Rf2 Be7 34. Kc4 Bh4 35. Re2 Rxf3 36. Kxb4 Bf2 37. Kc4 Bxe3 (37... Rxe3 $2 {loses.} 38. Rxf2 Re1 39. Kc5 $18) 38. b4 Bxf4 39. a5 Bc7 40. Rg2 (40. Ra2 $142) 40... Rf1 41. Rg7 Ke7 {[%emt 0:00:04] [#] ...f4 is the strong threat.} 42. Rg8 (42. Rxh7 $142 Rc1+ 43. Kd3) 42... f4 {[%emt 0:00:13] aiming for ...f3.} 43. Rc8 Bd6 {[%emt 0:00:04] White must now prevent ...Rc1+.} 44. Kd5 Kd7 45. Rc2 Rb1 46. a6 bxa6 47. Ra2 Rxb4 48. Rxa6 Rb5+ 49. Ke4 f5+ 50. Kd3 f3 {[%emt 0:00:54] And now ...Rb3+ would win.} 51. Ra7+ Ke6 52. Rxh7 Rb3+ 53. Kd2 Bf4+ {[%emt 0:00:11] Weighted Error Value: White=0.57/Black=0.24 (precise) .  Mistake:       	White=5     	---        Inaccurate:     	White=2     	---        OK:         	White=12    	Black=18     Best:        	---       	Black=2} 0-1

[Event "29th Bosnjaci Open 2025"]
[Site "Bosnjaci"]
[Date "2025.01.07"]
[Round "7.11"]
[White "Glavas, Dragan"]
[Black "Konjevic, Nikola"]
[Result "1/2-1/2"]
[ECO "E35"]
[WhiteElo "2251"]
[BlackElo "2095"]
[Annotator "RC"]
[PlyCount "145"]
[EventDate "2025.01.04"]
[EventType "swiss"]
[EventCountry "CRO"]
[SourceTitle "playchess.com"]
[Source "ChessBase"]
[SourceQuality "1"]
[TimeControl "5400+30"]

1. d4 Nf6 2. c4 e6 3. Nc3 Bb4 4. Qc2 d5 5. cxd5 exd5 6. Bg5 h6 7. Bh4 c5 8. e3 cxd4 9. exd4 Nc6 10. Bb5 O-O 11. Nge2 Be6 12. O-O Rc8 13. Rad1 a6 14. Bxc6 Rxc6 15. f3 Be7 16. Rfe1 Nh5 17. Bxe7 Qxe7 18. Qd2 Qc7 19. Rc1 Rc8 20. Na4 Rc2 21. Qe3 Qa5 22. Nec3 Rxc1 23. Rxc1 Qc7 24. Ne2 Qd8 25. Nc5 Qb6 26. Qd2 Nf6 27. Rc3 Rc7 28. Nf4 Bc8 29. Na4 Qd6 30. Nd3 b6 31. Qf4 Qxf4 32. Nxf4 Rxc3 33. bxc3 b5 34. Nc5 Kf8 35. Nfd3 Ne8 36. Nb4 Nc7 37. Nc6 Ke8 38. Kf2 f6 39. Ke3 Bd7 40. Nb4 Bc8 41. Nbd3 Ne6 42. Nxe6 Bxe6 43. Nb4 a5 44. Nc6 a4 45. a3 Bd7 46. Nb4 Be6 47. f4 Ke7 48. Kf3 Kd6 49. g4 g5 50. Nd3 Bf7 51. Kg3 Ke7 52. h4 Be8 53. Nf2 Kf7 54. Nd1 Bc6 55. Ne3 Bb7 56. Nf5 Kg6 57. Ne3 Bc6 58. Nc2 Kg7 59. Nb4 Bb7 60. Nd3 Bc6 61. Nc5 Kf7 62. Na6 Bb7 63. Nc7 Bc6 64. Na6 Bb7 65. Nb4 Kg7 66. Nc2 Bc8 67. Ne3 Be6 68. f5 Bf7 69. Nc2 Kf8 70. Nb4 Ke7 71. Nc6+ Kd6 72. Nb4 Be8 73. h5 1/2-1/2

[Event "29th Bosnjaci Open 2025"]
[Site "Bosnjaci"]
[Date "2025.01.07"]
[Round "7.12"]
[White "Tomas, Ante"]
[Black "Grgantov, Marin"]
[Result "1/2-1/2"]
[ECO "A18"]
[WhiteElo "2084"]
[BlackElo "2191"]
[Annotator "RC"]
[PlyCount "115"]
[EventDate "2025.01.04"]
[EventType "swiss"]
[EventCountry "CRO"]
[SourceTitle "playchess.com"]
[Source "ChessBase"]
[SourceQuality "1"]
[TimeControl "5400+30"]

1. c4 Nf6 2. Nc3 e6 3. e4 d5 4. e5 d4 5. exf6 dxc3 6. bxc3 Qxf6 7. d4 e5 8. Nf3 exd4 9. Bg5 Qe6+ 10. Be2 Be7 11. Nxd4 Qd7 12. Bxe7 Qxe7 13. O-O O-O 14. Bd3 Qf6 15. Re1 Na6 16. Qe2 g6 17. Qe7 Qxe7 18. Rxe7 Nc5 19. Bc2 c6 20. Rae1 Rb8 21. f4 Kg7 22. R1e5 Kf6 23. Re8 Rxe8 24. Rxe8 Na6 25. Re5 Nc7 26. Re1 c5 27. Nb5 Nxb5 28. cxb5 Be6 29. Bb3 c4 30. Bc2 Rd8 31. Re2 Bg4 32. Rf2 Bf5 33. Re2 Bxc2 34. Rxc2 Rd1+ 35. Kf2 b6 36. Re2 Rc1 37. Ke3 Rxc3+ 38. Kd4 Rc1 39. g4 Rf1 40. Re4 Rf2 41. a4 Ra2 42. g5+ Kg7 43. Kxc4 Rxa4+ 44. Kd5 Ra2 45. Kc6 Rxh2 46. Ra4 Rf2 47. Rxa7 Rxf4 48. Kxb6 Rf5 49. Kc6 Rxg5 50. b6 Rg1 51. Ra5 Rc1+ 52. Rc5 Re1 53. b7 Re8 54. Kd7 Rb8 55. Kc7 Re8 56. Kd7 Rb8 57. Kc7 Re8 58. Kd7 1/2-1/2

[Event "29th Bosnjaci Open 2025"]
[Site "Bosnjaci"]
[Date "2025.01.07"]
[Round "7.13"]
[White "Vidovic, Sasa"]
[Black "Caric, Mato"]
[Result "1/2-1/2"]
[ECO "D01"]
[WhiteElo "2173"]
[BlackElo "2080"]
[Annotator "RC"]
[PlyCount "110"]
[EventDate "2025.01.04"]
[EventType "swiss"]
[EventCountry "CRO"]
[SourceTitle "playchess.com"]
[Source "ChessBase"]
[SourceQuality "1"]
[TimeControl "5400+30"]

1. d4 Nf6 2. Nc3 d5 3. Bg5 g6 4. Qd2 h6 5. Bf4 Bg7 6. e3 O-O 7. Nf3 c5 8. Be2 Nc6 9. Ne5 cxd4 10. exd4 Nxe5 11. Bxe5 Qb6 12. Bxf6 Bxf6 13. Nxd5 Qxd4 14. Nxe7+ Kg7 15. Qxd4 Bxd4 16. c3 Bc5 17. Nxc8 Raxc8 18. O-O a5 19. Rfd1 Rcd8 20. a3 Be7 21. Kf1 Kf6 22. Bf3 b6 23. Bd5 Rd7 24. Rd3 Kg7 25. Rad1 Rfd8 26. Ke2 Bc5 27. b4 axb4 28. axb4 Be7 29. Bb3 Rxd3 30. Rxd3 Kf8 31. Rf3 f6 32. Re3 Rd6 33. h3 f5 34. Rd3 Rxd3 35. Kxd3 Bf6 36. c4 Ke7 37. c5 bxc5 38. bxc5 Be5 39. Kc4 g5 40. Kd5 Bc7 41. Bc2 f4 42. Bd1 Bb8 43. Kc6 Be5 44. f3 Ke6 45. Kb7 Kd7 46. Ba4+ Kd8 47. Kc6 Bc7 48. Bb3 Bb8 49. Bf7 Bc7 50. Bh5 Bb8 51. Bg4 Bc7 52. Kd5 Ke7 53. Ke4 Kf6 54. h4 gxh4 55. Kd5 Ke7 1/2-1/2

[Event "29th Bosnjaci Open 2025"]
[Site "Bosnjaci"]
[Date "2025.01.07"]
[Round "7.14"]
[White "Djuric, Leon"]
[Black "Petricevic, Mateo"]
[Result "1/2-1/2"]
[ECO "C10"]
[WhiteElo "2145"]
[BlackElo "2060"]
[Annotator "RC"]
[PlyCount "68"]
[EventDate "2025.01.04"]
[EventType "swiss"]
[EventCountry "CRO"]
[SourceTitle "playchess.com"]
[Source "ChessBase"]
[SourceQuality "1"]
[TimeControl "5400+30"]

1. e4 e6 2. d4 d5 3. Nc3 h6 4. Nf3 Nf6 5. e5 Ne4 6. Bd3 Nxc3 7. bxc3 c5 8. O-O c4 9. Be2 Qa5 10. Bd2 Qa4 11. Ne1 Nc6 12. f4 g6 13. g4 Ne7 14. Ng2 Bd7 15. Ne3 O-O-O 16. Bf3 Be8 17. Kh1 Nc6 18. Qe2 a6 19. Rab1 Na7 20. Bg2 Nb5 21. f5 Be7 22. Rb2 Ba3 23. Rbb1 Be7 24. Qf3 Kb8 25. Bh3 g5 26. Bg2 Ka7 27. Kg1 Rg8 28. Rfc1 Rf8 29. Nd1 Rc8 30. Nb2 Qa3 31. Nd1 Qa4 32. Nb2 Qa3 33. Nd1 Qa4 34. Ne3 Rd8 1/2-1/2

[Event "29th Bosnjaci Open 2025"]
[Site "Bosnjaci"]
[Date "2025.01.07"]
[Round "7.15"]
[White "Jusup, Matej"]
[Black "Mandalinic, David"]
[Result "1/2-1/2"]
[ECO "D02"]
[WhiteElo "2238"]
[BlackElo "1982"]
[Annotator "RC"]
[PlyCount "109"]
[EventDate "2025.01.04"]
[EventType "swiss"]
[EventCountry "CRO"]
[SourceTitle "playchess.com"]
[Source "ChessBase"]
[SourceQuality "1"]
[TimeControl "5400+30"]

1. d4 d5 2. Bf4 Nf6 3. e3 e6 4. Nf3 c5 5. Nbd2 Nc6 6. c3 cxd4 7. exd4 Bd6 8. Bxd6 Qxd6 9. Bb5 Bd7 10. O-O O-O 11. Re1 Ne7 12. Bd3 Ng6 13. Bxg6 hxg6 14. Ne5 b5 15. Nd3 a5 16. a3 Rfc8 17. Nb3 Be8 18. Nbc5 Nd7 19. Nxd7 Bxd7 20. Qg4 b4 21. axb4 Bb5 22. Nc5 axb4 23. cxb4 Qd8 24. Ra3 Qb6 25. Rh3 Qd8 26. Ra3 Qb6 27. Qh4 Qd8 28. Qf4 Qf6 29. Qd2 Rab8 30. Ra7 Bc6 31. Rea1 Qf5 32. h3 Qf6 33. R1a3 Be8 34. Rf3 Qh4 35. g3 Qxh3 36. Qf4 Qf5 37. Qe3 Qh3 38. Qe1 Ra8 39. Re7 Ra2 40. Qb1 Raa8 41. Qe1 Ra2 42. Qb1 Raa8 43. Ra3 Rab8 44. Qe1 Qg4 45. Qc3 Qd1+ 46. Kg2 Bb5 47. Qf3 Qxf3+ 48. Kxf3 Be8 49. Rb7 Bc6 50. Rxb8 Rxb8 51. Ra6 Be8 52. Ke3 Rxb4 53. Ra8 Kf8 54. b3 Ke7 55. Ra7+ 1/2-1/2

[Event "29th Bosnjaci Open 2025"]
[Site "Bosnjaci"]
[Date "2025.01.07"]
[Round "7.16"]
[White "Starcevic, Ante Leon"]
[Black "Tomic, Stjepan"]
[Result "1-0"]
[ECO "D11"]
[WhiteElo "2200"]
[BlackElo "1978"]
[Annotator "TA"]
[PlyCount "197"]
[EventDate "2025.01.04"]
[EventType "swiss"]
[EventCountry "CRO"]
[SourceTitle "playchess.com"]
[Source "ChessBase"]
[SourceQuality "1"]
[TimeControl "5400+30"]

1. Nf3 d5 2. d4 Nf6 3. g3 Bf5 4. c4 c6 5. Qb3 Qb6 6. c5 {[%emt 0:00:50] D11: Slav Defence: 3 Nf3 sidelines and 3...Nf6 4 e3 Bg4.} Qxb3 7. axb3 Nbd7 8. b4 Rc8 $146 ({Predecessor:} 8... a6 9. Nc3 Rc8 10. Nh4 Bc2 11. Kd2 Bg6 12. Nxg6 hxg6 13. Bg2 e6 14. Kc2 Be7 {1-0 Aditya,V (2409)-Seres,L (2378) Budapest FS06 GM 2022 (5)}) 9. Nbd2 a6 10. Nb3 Ra8 11. Na5 Ra7 12. Bf4 e6 13. h3 Be7 14. g4 Be4 15. Rg1 Bxf3 16. exf3 O-O 17. Bd3 Re8 18. Kd2 Nf8 19. Bc7 N6d7 20. Kc3 Bd8 21. Bd6 Be7 22. Bg3 Bf6 23. f4 g6 24. Rae1 Rc8 25. Nb3 Raa8 26. Ra1 Bd8 27. Na5 Bxa5 28. bxa5 f5 29. Bh4 Kf7 30. Rae1 Re8 31. Re3 Nf6 32. f3 N8d7 33. Rge1 Rac8 34. Kd2 Ra8 35. Ra1 (35. b4 $16) 35... Rac8 36. Ra4 Rc7 37. Bf1 Re7 38. Rb4 Nb8 39. Reb3 Red7 (39... Nbd7 $142 40. Rxb7 Nxc5 41. dxc5 Rxb7) 40. Ke3 (40. Bd3 $142) 40... Re7 41. Kf2 Red7 42. Kg3 Re7 43. Bg5 Red7 44. Bd3 Re7 45. Ra4 Re8 46. Bc2 Ree7 47. Ra1 Re8 48. Rg1 Nbd7 49. Re3 Rcc8 50. Rge1 Rc7 51. R3e2 Rcc8 52. Kf2 Ra8 53. Ke3 Rac8 54. Rg2 Ra8 55. Kf2 Rac8 56. Reg1 Rg8 57. Bh6 Rb8 58. Kg3 Rge8 59. Kf2 Rg8 $1 60. h4 Rbc8 61. Ke3 Rb8 62. Rg3 Rbc8 63. R1g2 Rb8 64. Bd3 Rbc8 65. Be2 (65. Rh2 $16) 65... Rb8 66. Rh3 Rbc8 67. Bg5 (67. Bd3 $16) 67... Rb8 (67... h5 $11) 68. Rgh2 (68. h5 $14) 68... h5 $11 69. Rg2 Rbc8 70. Rh1 Rb8 (70... Ne8 $11) 71. Rhg1 (71. Bxf6 $1 $14 Nxf6 72. g5) 71... Rbc8 (71... Ne8 $11) 72. Kd3 (72. Bxf6 $1 $16 Nxf6 73. g5) 72... Rb8 ({Black should try} 72... Ne8 $11) 73. Bd1 (73. Bxf6 $1 $14 Nxf6 74. g5) 73... Rbc8 (73... Ne8 $11 {keeps the balance.}) 74. Re1 (74. Bxf6 $1 $16 Nxf6 75. g5) 74... Rce8 {[%emt 0:00:14] [#]} (74... hxg4 $11 75. fxg4 Nxg4) 75. gxh5 (75. Bxf6 $1 $16 Kxf6 76. g5+ Ke7 77. Kd2) 75... Nxh5 $11 76. Be2 Rc8 77. Bf1 Rc7 78. Rge2 Re8 79. Re3 Rcc8 80. Kc2 Rc7 81. Rb3 Nhf6 82. Ree3 Nh5 83. Rb4 Ndf6 84. Reb3 Ree7 85. Rb6 Red7 86. Bxa6 bxa6 87. Rxa6 Rd8 $1 88. Rab6 Ra8 {[%emt 0:05:10] [#]} (88... Ke8 $11) 89. Rb7 $1 $16 Ra7 90. a6 Ke8 $2 (90... Ng7 $16 91. Rxc7+ Rxc7 92. Bxf6 Kxf6) 91. R3b6 $18 Kd7 92. Rb8 Ke7 93. b4 Kd7 (93... Kf7 $142 94. R8b7 Nd7 95. Rxa7 Rxa7 96. Rxc6 Ng3 (96... Nb8 $2 97. Rc8 $18)) 94. Kb3 $18 Ke7 95. Ka4 Kd7 96. Ka5 Ke7 97. R6b7 Kd7 98. Kb6 Raxb7+ 99. axb7 1-0

[Event "29th Bosnjaci Open 2025"]
[Site "Bosnjaci"]
[Date "2025.01.07"]
[Round "7.17"]
[White "Ekmescic, Tarik"]
[Black "Goric, Esad"]
[Result "1/2-1/2"]
[ECO "C01"]
[WhiteElo "1967"]
[BlackElo "2182"]
[Annotator "TA"]
[PlyCount "22"]
[EventDate "2025.01.04"]
[EventType "swiss"]
[EventCountry "CRO"]
[SourceTitle "playchess.com"]
[Source "ChessBase"]
[SourceQuality "1"]
[TimeControl "5400+30"]

1. e4 e6 2. d4 d5 3. exd5 exd5 4. Bf4 Bd6 5. Qd2 Nf6 6. Nc3 c6 7. O-O-O O-O 8. f3 Re8 9. g4 Bxf4 10. Qxf4 Qe7 11. Bd3 Qe3+ 1/2-1/2

[Event "29th Bosnjaci Open 2025"]
[Site "Bosnjaci"]
[Date "2025.01.07"]
[Round "7.18"]
[White "Topalic, Fran"]
[Black "Colev, Ivor"]
[Result "1/2-1/2"]
[ECO "B52"]
[WhiteElo "1968"]
[BlackElo "2169"]
[Annotator "RC"]
[PlyCount "72"]
[EventDate "2025.01.04"]
[EventType "swiss"]
[EventCountry "CRO"]
[SourceTitle "playchess.com"]
[Source "ChessBase"]
[SourceQuality "1"]
[TimeControl "5400+30"]

1. e4 c5 2. Nf3 d6 3. Bb5+ Bd7 4. Bxd7+ Qxd7 5. c4 Nc6 6. O-O g6 7. d4 cxd4 8. Nxd4 Bg7 9. Be3 Nf6 10. f3 O-O 11. Nc3 a6 12. Qd2 Nxd4 13. Bxd4 b5 14. Nd5 Nxd5 15. Bxg7 Kxg7 16. cxd5 Rfc8 17. Rfc1 Kg8 18. Kh1 h5 19. h3 Qb7 20. Rxc8+ Rxc8 21. Rc1 Rc7 22. Kh2 Qc8 23. Rxc7 Qxc7 24. Qb4 Qc1 25. a4 Qf4+ 26. Kh1 Qc1+ 27. Kh2 bxa4 28. Qxa4 Qf4+ 29. Kh1 Qc1+ 30. Kh2 Qxb2 31. Qxa6 Qe5+ 32. Kh1 Kg7 33. Qd3 e6 34. dxe6 fxe6 35. Qa3 Qd4 36. Qa5 Kh6 1/2-1/2

[Event "29th Bosnjaci Open 2025"]
[Site "Bosnjaci"]
[Date "2025.01.07"]
[Round "7.19"]
[White "Juranovic, Ljudevit"]
[Black "Bosnjak, Nino"]
[Result "1/2-1/2"]
[ECO "E97"]
[WhiteElo "1758"]
[BlackElo "2135"]
[Annotator "RC"]
[PlyCount "103"]
[EventDate "2025.01.04"]
[EventType "swiss"]
[EventCountry "CRO"]
[SourceTitle "playchess.com"]
[Source "ChessBase"]
[SourceQuality "1"]
[TimeControl "5400+30"]

1. d4 Nf6 2. c4 g6 3. Nc3 Bg7 4. Nf3 O-O 5. e4 d6 6. Be2 Nc6 7. O-O e5 8. Be3 Ng4 9. Bg5 f6 10. Bc1 f5 11. dxe5 Ngxe5 12. Nxe5 Nxe5 13. Qd5+ Kh8 14. c5 dxc5 15. Qxc5 c6 16. exf5 Bxf5 17. Bh6 Bxh6 18. Qxe5+ Bg7 19. Qc5 Qb6 20. Qxb6 axb6 21. a4 Rfd8 22. Rfd1 Kg8 23. Bc4+ Kf8 24. Bb3 Rd4 25. Rxd4 Bxd4 26. Rd1 Bf6 27. f3 h5 28. Kf2 Ra5 29. Rd2 Rc5 30. Ne4 Bxe4 31. fxe4 Ke7 32. Kf3 Rc1 33. Rd1 Rc5 34. Rd2 b5 35. g4 bxa4 36. Bxa4 hxg4+ 37. Kxg4 Rc4 38. Bc2 Rc5 39. Bd3 Rg5+ 40. Kf4 Rh5 41. Re2 Be5+ 42. Kg4 Kd6 43. Bc4 Ke7 44. h3 Bf6 45. b3 b5 46. Bd3 Be5 47. Rc2 Kd6 48. Rd2 Kc5 49. Rc2+ Kd6 50. Rd2 Kc5 51. Rc2+ Kd6 52. Rd2 1/2-1/2

[Event "29th Bosnjaci Open 2025"]
[Site "Bosnjaci"]
[Date "2025.01.07"]
[Round "7.20"]
[White "Simunic, Krunoslav"]
[Black "Pehar, Borna"]
[Result "1-0"]
[ECO "D30"]
[WhiteElo "2122"]
[BlackElo "1954"]
[Annotator "RC"]
[PlyCount "107"]
[EventDate "2025.01.04"]
[EventType "swiss"]
[EventCountry "CRO"]
[SourceTitle "playchess.com"]
[Source "ChessBase"]
[SourceQuality "1"]
[TimeControl "5400+30"]

1. d4 d5 2. c4 e6 3. Nf3 h6 4. g3 Nf6 5. Bg2 Bd6 6. O-O O-O 7. b3 b6 8. Nc3 Bb7 9. Nb5 Be7 10. Bf4 Na6 11. Rc1 Nh5 12. Bd2 c6 13. Nc3 Nf6 14. Ne5 Rc8 15. cxd5 exd5 16. Bh3 Rc7 17. Qc2 Bc8 18. Bg2 Nb4 19. Qb1 Be6 20. a3 Na6 21. b4 Nb8 22. Qc2 Bd6 23. f4 Bc8 24. e4 dxe4 25. Nxe4 Bf5 26. Nxf6+ Qxf6 27. Qb2 c5 28. d5 Qd8 29. Bc3 f6 30. Rcd1 cxb4 31. axb4 Qc8 32. Nc6 Nxc6 33. dxc6 Rxc6 34. Bxc6 Qxc6 35. Rc1 Qb5 36. Rfd1 Bb8 37. Qb3+ Kh8 38. Qd5 Qxd5 39. Rxd5 Be6 40. Rd2 b5 41. Re1 Bf5 42. Rd5 Bh3 43. Rxb5 a6 44. Rb7 Rc8 45. Bd4 Bd6 46. Rb6 Rd8 47. Bc5 Bc7 48. Rc6 Bb8 49. Rxa6 Bc8 50. Ra2 Bb7 51. Rae2 Kh7 52. Re8 Rd2 53. Rxb8 Rg2+ 54. Kf1 1-0